 Dungeon Crawl Stone Soup version 0.16-a0-3496-g6490362 (webtiles) character file.

1680 PolkaDot the Martial Artist (level 8, -8/73 HPs)
             Began as a Pale Draconian Monk on Jan 5, 2015.
             Mangled by a black bear (13 damage)
             ... on level 6 of the Dungeon.
             The game lasted 00:23:42 (9244 turns).

PolkaDot the Martial Artist (Pale Draconian Monk)   Turns: 9244, Time: 00:23:43

Health: -8/73      AC: -3    Str: 13    XL:     8   Next: 71%
Magic:  8/8        EV: 13    Int: 11    God:
Gold:   339        SH:  0    Dex: 16    Spells: 1 memorised, 5 levels left

rFire  . . .     SeeInvis .       - Unarmed
rCold  . . .     Clarity  .     (armour unavailable)
rNeg   . . .     SustAb   .     (no shield)
rPois  .         Gourm    .     (helmet restricted)
rElec  .         Spirit   .     (no cloak)
rCorr  .         Warding  .     p - +0 pair of gloves (curse)
rMut   .         Stasis   .     (no boots)
MR     .....                    (no amulet)
Stlth  ++........               r - ring of flight
                                m - ring of loudness (curse)

@: corroded equipment, not resistant to hostile enchantments, unstealthy
A: breathe steam, unfitting armour, cold-blooded, AC +6
a: Breathe Steam, Evoke Flight


You were on level 6 of the Dungeon.
You were hungry.

You visited 1 branch of the dungeon, and saw 6 of its levels.

You collected 339 gold pieces.

Inventory:

Missiles
 l - a throwing net (quivered)
Armour
 p - a cursed +0 pair of gloves (worn)
Jewellery
 m - a cursed ring of loudness (left hand)
 r - a ring of flight (right hand)
 x - an uncursed ring of protection from fire {unknown}
 C - an uncursed amulet of stasis
Magical devices
 f - a wand of magic darts (21)
 i - a wand of fire (7)
 q - a wand of teleportation (3)
 s - a wand of cold (11)
 u - a wand of polymorph (6)
 B - a wand of random effects (25)
Scrolls
 d - a scroll of enchant weapon
 e - 2 scrolls of remove curse
 g - 2 scrolls of magic mapping
 k - 2 scrolls of identify
 n - 2 scrolls of fear {unknown}
 t - a scroll of noise {unknown}
 w - a scroll of recharging {unknown}
Potions
 h - a potion of poison {!q}
 j - a potion of restore abilities
Comestibles
 b - 2 bread rations
 c - 2 fruits
 o - a slice of pizza
 v - 8 chunks of flesh
 A - 2 meat rations


   Skills:
 - Level 7.2 Fighting
 - Level 2.6 Dodging
 - Level 4.6 Stealth
 * Level 8.4 Unarmed Combat
 + Level 2.4 Transmutations
 + Level 2.4 Earth Magic


You had 5 spell levels left.
You knew the following spells:

 Your Spells              Type           Power        Failure   Level  Hunger
a - Stoneskin             Trmt/Erth      #.......     24%         2    ###....


Dungeon Overview and Level Annotations

Branches:
Dungeon (6/15)
 Temple: D:4-7

Altars:
Ashenzari
Cheibriados
Dithmenos
Fedhas
Makhleb
Okawaru
Ru
Sif Muna
Xom
Zin
The Shining One

Shops:
D:4 %}?:   D:5 (   D:6 [!


Innate Abilities, Weirdness & Mutations

You can breathe blasts of scalding steam.
Your pale cyan-grey scales are hard (AC +6).
Your body does not fit into most forms of armour.
Your cold-blooded metabolism reacts poorly to cold.


Message History

The black bear is almost dead.
The black bear bites you.
* * * LOW HITPOINT WARNING * * *
The black bear claws you.
* * * LOW HITPOINT WARNING * * *
The black bear barely misses you. The black bear misses you.
The black bear claws you.
* * * LOW HITPOINT WARNING * * *
The black bear barely misses you.
You closely miss the black bear.
The black bear is severely wounded.
The black bear misses you. x2
The black bear barely misses you.
Read which item? (? for menu, Esc to quit)
As you read the scroll labeled LASAPULAESE, it crumbles to dust.
It is a scroll of identify.
Identify which item? (\ to view known items) (? for menu, Esc to quit)
e - 2 scrolls of remove curse The black bear bites you!
You die...

.......... ..........
.......... .....#.
##...# .###### ######
##..# ....... #....#
#.8# ....... #.##.#
#))# #...>...###.##.#
#..# .......h@...##.#
##.∩####.......######.#
+......######## #.#
##..##.##############.#
#.8##................#
#..###################
####


You could see a black bear (berserk).

Vanquished Creatures
  2 phantoms
  A black bear (D:6)
  An ice beast (D:5)
  A sky beast (D:5)
  2 centaurs (D:6)
  Duvessa (D:5)
  The ghost of wojtek the Cutter, an average KoAs (D:3)
  2 giant frogs
  A scorpion (D:5)
  A jelly (D:6)
  3 crimson imps
  A giant frog zombie (D:5)
  Dowan (D:5)
  2 hounds (D:5)
  A giant frog skeleton (D:4)
  An orc priest (D:5)
  An iguana (D:5)
  5 worker ants
  An orc wizard (D:3)
  A hound skeleton (D:4)
  4 gnolls
  7 adders
  2 giant mites
  2 shadow imps
  2 worms
  An ooze (D:4)
  8 orcs
  7 bats
  5 giant cockroaches
  6 goblins
  13 hobgoblins
  11 jackals
  9 kobolds
  2 quokkas
  A giant gecko zombie (D:5)
  5 giant newts
  A jackal skeleton (D:6)
  A jackal zombie (D:5)
  14 rats
131 creatures vanquished.

Vanquished Creatures (others)
  4 fungi (D:4)
4 creatures vanquished.

Grand Total: 135 creatures vanquished

Notes
Turn   | Place    | Note
--------------------------------------------------------------
     0 | D:1      | PolkaDot, the Draconian Monk, began the quest for the Orb.
     0 | D:1      | Reached XP level 1. HP: 19/19 MP: 1/1
   202 | D:1      | Reached XP level 2. HP: 23/26 MP: 2/2
   789 | D:1      | Reached XP level 3. HP: 31/31 MP: 3/3
  1423 | D:2      | Found a glowing silver altar of Zin.
  2094 | D:3      | Reached skill level 5 in Unarmed Combat
  2094 | D:3      | Reached XP level 4. HP: 37/40 MP: 4/4
  2307 | D:3      | Found a shadowy altar of Dithmenos.
  2379 | D:3      | Noticed a phantom
  2423 | D:3      | Killed a phantom
  2423 | D:3      | Reached XP level 5. HP: 14/47 MP: 5/5
  2599 | D:3      | Noticed wojtek's ghost (average KoAs)
  2610 | D:3      | Killed wojtek's ghost
  2610 | D:3      | Reached skill level 5 in Fighting
  2610 | D:3      | Reached XP level 6. HP: 46/56 MP: 6/6
  2726 | D:3      | Reached skill level 6 in Unarmed Combat
  3155 | D:4      | Found Ciziuh's Book Shop.
  3339 | D:4      | Found Morphigg's Gadget Shop.
  3485 | D:4      | Found Qoill's Magic Scroll Emporium.
  3623 | D:4      | Found Brul Mesch's Food Boutique.
  3666 | D:4      | Found a shattered altar of Ashenzari.
  3975 | D:4      | Found a burning altar of Makhleb.
  3977 | D:4      | Found a sacrificial altar of Ru.
  3978 | D:4      | Found a glowing golden altar of the Shining One.
  3981 | D:4      | Found a snail-covered altar of Cheibriados.
  3991 | D:4      | Found a blossoming altar of Fedhas.
  3991 | D:4      | Found a deep blue altar of Sif Muna.
  4202 | D:5      | Entered Level 5 of the Dungeon
  4374 | D:5      | Your scales start fading to a pale cyan-grey colour.
  4374 | D:5      | Reached XP level 7. HP: 38/62 MP: 7/7
  4603 | D:5      | Found Onoa's Antique Weapon Emporium.
  4966 | D:5      | Reached skill level 7 in Unarmed Combat
  5165 | D:5      | Found a shimmering altar of Xom.
  5315 | D:5      | Found an iron altar of Okawaru.
  5602 | D:5      | Noticed Duvessa
  5602 | D:5      | Noticed Dowan
  6205 | D:5      | Killed Dowan
  6205 | D:5      | Reached XP level 8. HP: 69/73 MP: 8/8
  6458 | D:5      | Killed Duvessa
  6698 | D:5      | Learned a level 2 spell: Stoneskin
  6802 | D:6      | Reached skill level 1 in Transmutations
  6802 | D:6      | Reached skill level 1 in Earth Magic
  7100 | D:6      | Noticed a troll
  7109 | D:6      | HP: 3/73 [troll (13)]
  7114 | D:6      | HP: 1/73 [troll (3)]
  7560 | D:6      | Found Gric's Armour Emporium.
  7658 | D:6      | Reached skill level 8 in Unarmed Combat
  9172 | D:6      | Found Nourgh's Distillery.
  9244 | D:6      | Mangled by a black bear

Action                   |  1- 3 |  4- 6 |  7- 9 || total
-------------------------+-------+-------+-------++-------
Melee: Unarmed           |   136 |   191 |   279 ||   606
 Cast: Stoneskin         |       |       |     9 ||     9
 Abil: Breathe Steam     |       |       |     2 ||     2
  Use: Potion            |       |     4 |     7 ||    11
       Scroll            |       |       |     7 ||     7
 Stab: Sleeping          |     1 |     2 |     2 ||     5
       Distracted        |       |       |     1 ||     1
  Eat: Chunk             |     3 |     8 |     6 ||    17
       Bread ration      |       |       |     2 ||     2
       Fruit             |       |       |     2 ||     2
